 Dungeon Crawl Stone Soup version 0.17-a0-2055-gb4e23be (webtiles) character file.

420 st0uf the Magician (level 6, -1/41 HPs)
             Began as a Mummy Wizard on Oct 11, 2015.
             Slain by a gnoll
             ... wielding a +0 halberd
              (10 damage)
             ... on level 4 of the Dungeon.
             The game lasted 00:55:01 (7523 turns).

st0uf the Magician (Mummy Wizard)                   Turns: 7523, Time: 00:55:03

Health: -1/41      AC:  5    Str: 11    XL:     6   Next: 62%
Magic:  16/22      EV: 12    Int: 19    God:
Gold:   132        SH:  0    Dex: 10    Spells: 3 memorised, 9 levels left

rFire  x . .     SeeInvis .     (no weapon)
rCold  + . .     Clarity  .     a - +0 robe
rNeg   + + +     SustAt   .     (no shield)
rPois  ∞         Gourm    .     b - +0 hat
rElec  .         Spirit   .     (no cloak)
rCorr  .         Warding  .     m - +1 pair of gloves
rMut   .         Stasis   .     i - +0 pair of boots
MR     .....                    (no amulet)
Stlth  ++........               (no ring)
                                g - ring of magical power

@: very slightly contaminated, not resistant to hostile enchantments, unstealthy
A: no food or potions, fire vulnerability, cold resistance 1, negative energy
resistance 3, torment resistance, unbreathing
a: no special abilities


You were on level 4 of the Dungeon.
You were not hungry.

You visited 1 branch of the dungeon, and saw 4 of its levels.

You collected 132 gold pieces.

Inventory:

Armour
 a - a +0 robe (worn)
 b - a +0 hat (worn)
 i - a +0 pair of boots (worn)
 m - a +1 pair of gloves (worn)
Jewellery
 g - a ring of magical power (left hand)
Scrolls
 d - 4 scrolls of enchant armour {unknown}
 e - 2 scrolls of enchant weapon {unknown}
 f - 2 scrolls of teleportation {unknown}
 h - a scroll of noise {unknown}
 j - a scroll of immolation {unknown}
 k - a scroll of recharging {unknown}
 l - a scroll of magic mapping {unknown}
Books
 c - a book of Minor Magic

   Spells                             Type                      Level
   a - Magic Dart                     Conjuration                  1
   b - Blink                          Translocation                2
   c - Call Imp                       Summoning                    2
   d - Repel Missiles                 Charms/Air                   2
   e - Slow                           Hexes                        2
   f - Conjure Flame                  Conjuration/Fire             3
   g - Mephitic Cloud                 Conjuration/Poison/Air       3


   Skills:
 - Level 1.5 Dodging
 - Level 1.5 Stealth
 - Level 5.0 Spellcasting
 - Level 1.6 Conjurations
 - Level 3.0 Summonings
   Level 0.7 Translocations
 + Level 1.4 Air Magic
 + Level 1.5 Poison Magic


You had 9 spell levels left.
You knew the following spells:

 Your Spells              Type           Power        Failure   Level  Hunger
a - Magic Dart            Conj           ##..         10%         1    N/A
b - Call Imp              Summ           ###.....     8%          2    N/A
c - Mephitic Cloud        Conj/Pois/Air  ##......     21%         3    N/A

Dungeon Overview and Level Annotations

Branches:
Dungeon (4/15)
 Temple: D:4-7

Altars:
Fedhas
Makhleb
Nemelex Xobeh
Ru
Trog
Zin


Innate Abilities, Weirdness & Mutations

You do not eat or drink.
Your flesh is vulnerable to fire.
You are immune to poison.
Your flesh is cold resistant.
You are immune to negative energy.
You are immune to unholy pain and torment.
You can survive without breathing.


Message History

The gnoll dies!
The gnoll hits you from afar with a halberd!
* * * LOW HITPOINT WARNING * * *
The gnoll hits your crimson imp!
Your crimson imp hits the gnoll but does no damage.
Your crimson imp hits the gnoll.
Your iron imp barely misses the gnoll.
The gnoll barely misses your crimson imp.
Your crimson imp hits the gnoll. x2
The gnoll barely misses your crimson imp.
Your crimson imp blinks! x2
Your crimson imp blinks!
Something hits your crimson imp.
Your crimson imp blinks!
Casting: Magic Dart
Confirm with . or Enter, or press ? or * to list all spells.
You miscast Call Imp.
You are very lightly contaminated with residual magic.
You feel a strange surge of energy!
The gnoll hits you from afar with a halberd!
You die...

###########...####.#
#..5#....#
##..#.####
#..#.############
##5#..._..5......
#.#############.
####### #.# ###.
#.....#######g# #...
#.###......@..# #.##
#.#.....############
#.#
#.#.#.#............#
#.# ####
#.#.#.#....[.......#
#.# ...#
#.#.###............#
###.# ##.# #.#.#
#............# #.5.#
...# #.#.#
##...........# #.###
)#####.#)#
################.#
))).)..#.#
#......5†.....#


You could see a gnoll.

Vanquished Creatures
  A gnoll (D:1)
  A giant gecko (D:1)
  2 orcs (D:4)
  3 giant cockroaches
  A hobgoblin (D:2)
  9 bats
  A giant newt (D:1)
  6 goblins
  4 kobolds
  A quokka (D:4)
  5 rats
34 creatures vanquished.

Vanquished Creatures (collateral kills)
  Menkaure (D:4)
  The ghost of 4thArraOfDagon the Insei, an amateur TeMo (D:4)
  The ghost of radek the Conjurer, a weakling DECj (D:3)
  A hound (D:3)
  4 orc priests (D:4)
  A centaur skeleton (D:4)
  3 worker ants (D:4)
  Natasha (D:4)
  2 orc wizards (D:4)
  A gnoll (D:4)
  6 adders
  An ooze (D:1)
  An adder skeleton (D:4)
  2 worms (D:2)
  2 giant geckos
  12 orcs
  2 bats (D:3)
  2 goblins (D:3)
  9 hobgoblins
  17 jackals
  4 quokkas
  3 giant cockroaches
  3 giant newts
  7 kobolds
  7 rats
94 creatures vanquished.

Grand Total: 128 creatures vanquished

Notes
Turn   | Place    | Note
--------------------------------------------------------------
     0 | D:1      | st0uf the Mummy Wizard began the quest for the Orb.
     0 | D:1      | Reached XP level 1. HP: 13/13 MP: 4/4
    36 | D:1      | Reached skill level 1 in Conjurations
   331 | D:1      | Reached XP level 2. HP: 19/19 MP: 1/6
   386 | D:1      | Learned a level 2 spell: Call Imp
  1103 | D:1      | Reached skill level 1 in Summonings
  1497 | D:1      | Reached XP level 3. HP: 22/24 MP: 1/7
  3401 | D:2      | Found a blossoming altar of Fedhas.
  3402 | D:2      | Found a glowing silver altar of Zin.
  3706 | D:2      | Found a bloodstained altar of Trog.
  3873 | D:2      | Learned a level 3 spell: Mephitic Cloud
  4106 | D:2      | Reached XP level 4. HP: 21/30 MP: 1/9
  4706 | D:2      | Reached skill level 4 in Spellcasting
  4967 | D:3      | Noticed radek's ghost (weakling DECj)
  4973 | D:3      | Killed radek's ghost
  5206 | D:3      | Found a sacrificial altar of Ru.
  5600 | D:3      | Found a burning altar of Makhleb.
  5988 | D:4      | Reached XP level 5. HP: 30/35 MP: 3/11
  6060 | D:4      | Noticed Menkaure
  6266 | D:4      | Killed Menkaure
  6482 | D:4      | Noticed 4thArraOfDagon's ghost (amateur TeMo)
  6513 | D:4      | Killed 4thArraOfDagon's ghost
  6513 | D:4      | Reached XP level 6. HP: 41/41 MP: 13/13
  6562 | D:4      | Reached skill level 5 in Spellcasting
  6879 | D:4      | Reached skill level 1 in Air Magic
  6879 | D:4      | Reached skill level 1 in Poison Magic
  7441 | D:4      | Noticed Natasha
  7462 | D:4      | Killed Natasha
  7482 | D:4      | Found a sparkling altar of Nemelex Xobeh.
  7523 | D:4      | Slain by a gnoll

Vault maps used:
D:1:      dpeg_arrival_houses_and_road
D:2:      nicolae_overflow_hidden_temple, first_bread, bloody_trog
D:3:      bloody_makhleb, lemuel_doored_altar, st_stairs_4
D:4:      overflow_temple_1_default, uniq_menkaure, uniq_natasha

Action                   |  1- 3 |  4- 6 || total
-------------------------+-------+-------++-------
Melee: Unarmed           |    11 |     5 ||    16
 Cast: Magic Dart        |    67 |    25 ||    92
       Call Imp          |    54 |   105 ||   159
